[ AOE2 MATCH · #498525660 ]
UnrankedBengalis vs Portuguese
[ REPLAY ANALYSIS · EXTRACTED FROM THE RECORDED GAME ]
Feudal
12:08
Castle
—
Imperial
—
| APM avg | 10.9 |
| APM peak | 31 |
| eAPM avg | 7.4 |
| Villagers / military | 27 / 0 |
Focus
⚔️ 11.4% · 🌾 88.6%
Feudal
10:36
Castle
—
Imperial
—
| APM avg | 44.9 |
| APM peak | 68 |
| eAPM avg | 8.9 |
| Villagers / military | 25 / 0 |
Focus
⚔️ 15.1% · 🌾 84.9%
Feudal
—
Castle
—
Imperial
—
| APM avg | 9.4 |
| APM peak | 47 |
| eAPM avg | 3.9 |
| Villagers / military | 16 / 0 |
Focus
⚔️ 0.0% · 🌾 100.0%
Feudal
8:47
Castle
—
Imperial
—
| APM avg | 39.9 |
| APM peak | 73 |
| eAPM avg | 16.9 |
| Villagers / military | 21 / 8 |
Focus
⚔️ 25.4% · 🌾 74.6%
Militia ×8
Feudal
12:29
Castle
—
Imperial
—
| APM avg | 30.0 |
| APM peak | 93 |
| eAPM avg | 10.5 |
| Villagers / military | 35 / 2 |
Focus
⚔️ 6.8% · 🌾 93.2%
Militia ×2
Feudal
—
Castle
—
Imperial
—
| APM avg | 11.0 |
| APM peak | 41 |
| eAPM avg | 5.1 |
| Villagers / military | 11 / 0 |
Focus
⚔️ 11.1% · 🌾 88.9%
Feudal
11:20
Castle
—
Imperial
—
| APM avg | 32.7 |
| APM peak | 47 |
| eAPM avg | 10.5 |
| Villagers / military | 33 / 2 |
Focus
⚔️ 12.1% · 🌾 87.9%
Archer ×2
Feudal
11:28
Castle
—
Imperial
—
| APM avg | 13.2 |
| APM peak | 28 |
| eAPM avg | 9.1 |
| Villagers / military | 23 / 0 |
Focus
⚔️ 8.5% · 🌾 91.5%
Match map
Initial resources + every placement click. Lines = walls · curves = elevation contours. ◆ gold · ⬟ stone · ● berries · ✦ relic · ◌ wall gap
Your base· Open — unwalled flank
捣蛋猫爱导弹's base· Open — unwalled flank
HardstyleHunter's base· Open — unwalled flank
Funky_noob_'s base· Open — 4t gap
tudouyayu's base· Open — unwalled flank
49 Food's base· Open — 9t gap
開機中's base· Open — 13t gap
Bapm2003's base· Open — 13t gap
Smoothed initial terrain · ◌ = detected wall gap · hover for details
Inputs per minute
— 剑客Never - - 捣蛋猫爱导弹
Build order — 剑客Never
47 actions detected in the replay
| 0:05 | queue | Villager (Male) ×4 |
| 0:06 | Research | Loom |
| 0:08 | Build | House |
| 0:10 | Build | House |
| 0:48 | Build | Lumber Camp |
| 1:50 | queue | Villager (Male) |
| 1:51 | queue | Villager (Male) |
| 2:25 | queue | Villager (Male) |
| 2:25 | queue | Villager (Male) |
| 2:39 | queue | Villager (Male) |
| 3:35 | queue | Villager (Male) |
| 3:35 | queue | Villager (Male) |
| 3:35 | queue | Villager (Male) |
| 3:47 | Build | House |
| 3:50 | Build | House |
| 3:51 | Build | House |
| 4:30 | queue | Villager (Male) |
| 4:31 | queue | Villager (Male) |
| 5:01 | queue | Villager (Male) |
| 5:02 | queue | Villager (Male) |
| 5:02 | queue | Villager (Male) |
| 5:05 | queue | Villager (Male) |
| 5:05 | queue | Villager (Male) |
| 5:07 | queue | Villager (Male) |
| 5:08 | queue | Villager (Male) |
| 6:18 | Build | Mill |
| 6:38 | queue | Villager (Male) |
| 6:39 | queue | Villager (Male) |
| 6:39 | queue | Villager (Male) |
| 7:37 | Build | Mill |
| 8:27 | Build | Farm |
| 9:18 | queue | Villager (Male) |
| 9:30 | Build | Farm |
| 9:48 | Build | Farm |
| 9:58 | Research | Feudal Age |
| 10:13 | Build | Mining Camp |
| 10:36 | queue | Villager (Male) |
| 10:36 | queue | Villager (Male) |
| 12:08 | Age | Feudal Age |
| 12:12 | Build | Market |
| 12:18 | Build | Blacksmith |
| 12:24 | Build | Farm |
| 12:25 | Build | Farm |
| 12:46 | Build | House |
| 12:51 | Build | Palisade Wall |
| 13:34 | Build | Farm |
| 13:35 | Build | Farm |
Build order — 捣蛋猫爱导弹
42 actions detected in the replay
| 0:02 | queue | Villager (Male) |
| 0:02 | queue | Villager (Male) |
| 0:02 | queue | Villager (Male) |
| 0:05 | Build | House |
| 0:07 | Build | House |
| 0:15 | queue | Villager (Male) |
| 1:30 | queue | Villager (Male) |
| 2:02 | queue | Villager (Male) |
| 2:08 | queue | Villager (Male) |
| 2:31 | Build | Lumber Camp |
| 2:52 | queue | Villager (Male) |
| 2:55 | queue | Villager (Male) |
| 3:06 | Build | House |
| 3:46 | queue | Villager (Male) |
| 3:46 | queue | Villager (Male) |
| 4:04 | queue | Villager (Male) |
| 4:34 | queue | Villager (Male) |
| 4:43 | queue | Villager (Male) |
| 5:08 | queue | Villager (Male) |
| 5:34 | queue | Villager (Male) |
| 5:51 | Build | House |
| 6:22 | queue | Villager (Male) |
| 6:46 | Research | Loom |
| 7:14 | queue | Villager (Male) |
| 7:45 | Build | Mining Camp |
| 8:02 | queue | Villager (Male) |
| 8:14 | Research | Feudal Age |
| 8:42 | Build | Mill |
| 10:04 | queue | Villager (Male) |
| 10:29 | Build | Mining Camp |
| 10:35 | queue | Villager (Male) |
| 10:36 | Age | Feudal Age |
| 11:15 | queue | Villager (Male) |
| 11:29 | Build | House |
| 11:31 | Build | House |
| 11:44 | Research | Wheelbarrow |
| 12:19 | Build | Donjon |
| 12:27 | queue | Villager (Male) |
| 12:33 | Research | Stone Mining |
| 13:07 | queue | Villager (Male) |
| 13:13 | Build | Mill |
| 13:17 | queue | Villager (Male) |
Build order — HardstyleHunter
21 actions detected in the replay
| 0:05 | Build | House |
| 0:08 | Build | House |
| 0:15 | queue | Villager (Male) |
| 0:15 | queue | Villager (Male) |
| 0:15 | queue | Villager (Male) |
| 0:16 | queue | Villager (Male) |
| 0:16 | queue | Villager (Male) |
| 1:59 | queue | Villager (Male) |
| 1:59 | queue | Villager (Male) |
| 2:07 | Build | Lumber Camp |
| 2:35 | queue | Villager (Male) |
| 2:36 | queue | Villager (Male) |
| 2:36 | queue | Villager (Male) |
| 3:37 | queue | Villager (Male) |
| 3:37 | queue | Villager (Male) |
| 3:38 | queue | Villager (Male) |
| 3:58 | Build | House |
| 4:00 | Build | House |
| 4:13 | queue | Villager (Male) |
| 4:14 | queue | Villager (Male) |
| 4:14 | queue | Villager (Male) |
Build order — Funky_noob_
62 actions detected in the replay
| 0:02 | queue | Villager (Male) |
| 0:02 | queue | Villager (Male) |
| 0:03 | Build | House |
| 0:05 | Build | House |
| 0:16 | queue | Villager (Male) |
| 0:22 | queue | Villager (Male) |
| 1:44 | queue | Villager (Male) |
| 1:47 | Build | Lumber Camp |
| 2:00 | queue | Villager (Male) |
| 2:00 | queue | Villager (Male) |
| 2:21 | queue | Villager (Male) |
| 2:49 | queue | Villager (Male) |
| 2:52 | Build | House |
| 3:00 | Build | House |
| 3:24 | queue | Villager (Male) |
| 3:26 | queue | Villager (Male) |
| 3:32 | queue | Villager (Male) |
| 3:41 | Build | House |
| 4:47 | Build | Mill |
| 4:50 | queue | Villager (Male) |
| 5:08 | queue | Villager (Male) |
| 5:47 | queue | Villager (Male) |
| 5:47 | queue | Villager (Male) |
| 6:24 | Research | Feudal Age |
| 6:24 | Research | Feudal Age |
| 7:30 | Build | Barracks |
| 8:02 | Build | Palisade Wall |
| 8:46 | Build | Mining Camp |
| 8:47 | Age | Feudal Age |
| 8:50 | Research | Man-at-Arms (upgrade) |
| 8:51 | Research | Man-at-Arms (upgrade) |
| 8:51 | queue | Militia |
| 8:51 | queue | Militia |
| 9:02 | queue | Villager (Male) |
| 9:26 | Build | Palisade Wall |
| 9:41 | queue | Militia |
| 9:45 | queue | Militia |
| 9:48 | Build | Blacksmith |
| 9:56 | queue | Villager (Male) |
| 10:08 | Build | Farm |
| 10:09 | Build | Farm |
| 10:13 | Build | House |
| 10:29 | queue | Militia |
| 10:35 | Build | House |
| 10:59 | queue | Militia |
| 11:13 | queue | Villager (Male) |
| 11:18 | Build | Farm |
| 11:20 | Build | Farm |
| 11:41 | queue | Villager (Male) |
| 11:44 | Build | Farm |
| 11:50 | Build | Farm |
| 11:51 | Build | Farm |
| 11:53 | Build | Farm |
| 11:57 | Build | House |
| 12:13 | queue | Villager (Male) |
| 12:16 | Build | Farm |
| 12:22 | Build | House |
| 12:27 | Build | Farm |
| 12:35 | Build | House |
| 12:36 | Build | House |
| 12:38 | queue | Militia |
| 12:47 | queue | Militia |
Build order — tudouyayu
56 actions detected in the replay
| 0:19 | Build | House |
| 0:21 | Build | House |
| 0:26 | queue | Villager (Male) |
| 0:26 | queue | Villager (Male) |
| 0:26 | queue | Villager (Male) |
| 0:27 | queue | Villager (Male) |
| 0:44 | Build | House |
| 2:03 | queue | Villager (Male) |
| 2:03 | queue | Villager (Male) |
| 2:15 | Build | Mill |
| 2:20 | Research | Loom |
| 3:13 | queue | Villager (Male) |
| 3:13 | queue | Villager (Male) |
| 3:14 | queue | Villager (Male) |
| 3:14 | queue | Villager (Male) |
| 3:44 | queue | Villager (Male) |
| 3:44 | queue | Villager (Male) |
| 3:44 | queue | Villager (Male) |
| 4:40 | queue | Villager (Male) |
| 4:40 | queue | Villager (Male) |
| 4:41 | queue | Villager (Male) |
| 4:41 | queue | Villager (Male) |
| 5:09 | queue | Villager (Male) |
| 5:17 | queue | Villager (Male) |
| 5:18 | queue | Villager (Male) |
| 5:18 | queue | Villager (Male) |
| 5:57 | queue | Villager (Male) |
| 6:12 | Build | Lumber Camp |
| 6:37 | queue | Villager (Male) |
| 6:37 | queue | Villager (Male) |
| 6:38 | queue | Villager (Male) |
| 6:38 | queue | Villager (Male) |
| 6:50 | Build | House |
| 6:54 | Build | House |
| 7:01 | queue | Villager (Male) |
| 7:02 | queue | Villager (Male) |
| 7:02 | queue | Villager (Male) |
| 7:28 | Build | Farm |
| 8:06 | queue | Villager (Male) |
| 8:20 | Build | Farm |
| 8:34 | Build | Farm |
| 9:12 | Build | Mining Camp |
| 9:29 | queue | Villager (Male) |
| 9:34 | queue | Villager (Male) |
| 9:48 | Build | Mining Camp |
| 10:19 | Research | Feudal Age |
| 10:31 | Build | Mill |
| 11:39 | Build | Barracks |
| 12:29 | Age | Feudal Age |
| 12:33 | queue | Villager (Male) |
| 12:33 | queue | Villager (Male) |
| 12:33 | queue | Villager (Male) |
| 12:44 | Build | Blacksmith |
| 12:47 | Research | Man-at-Arms (upgrade) |
| 12:59 | queue | Militia |
| 12:59 | queue | Militia |
Build order — 49 Food
17 actions detected in the replay
| 0:02 | queue | Villager (Male) |
| 0:02 | queue | Villager (Male) |
| 0:03 | queue | Villager (Male) |
| 0:05 | Build | House |
| 0:08 | Build | House |
| 0:22 | queue | Villager (Male) |
| 1:31 | queue | Villager (Male) |
| 2:34 | queue | Villager (Male) |
| 2:57 | queue | Villager (Male) |
| 3:31 | queue | Villager (Male) |
| 3:58 | Research | Loom |
| 4:26 | queue | Villager (Male) |
| 4:27 | queue | Villager (Male) |
| 4:36 | Build | House |
| 4:47 | Build | Barracks |
| 4:55 | queue | Villager (Male) |
| 5:26 | Build | Mill |
Build order — 開機中
49 actions detected in the replay
| 0:06 | queue | Villager (Male) ×4 |
| 0:06 | queue | Villager (Male) ×4 |
| 0:12 | Build | House |
| 0:16 | Build | House |
| 1:45 | Research | Loom |
| 1:50 | queue | Villager (Male) |
| 1:50 | queue | Villager (Male) |
| 2:11 | queue | Villager (Male) |
| 2:49 | queue | Villager (Male) |
| 2:49 | queue | Villager (Male) |
| 2:56 | Build | Lumber Camp |
| 3:18 | queue | Villager (Male) |
| 3:18 | queue | Villager (Male) |
| 3:27 | queue | Villager (Male) |
| 3:57 | queue | Villager (Male) |
| 4:09 | queue | Villager (Male) |
| 4:15 | Build | House |
| 4:18 | Build | House |
| 4:59 | Build | House |
| 5:01 | queue | Villager (Male) |
| 5:02 | queue | Villager (Male) |
| 5:27 | queue | Villager (Male) |
| 5:58 | queue | Villager (Male) |
| 5:58 | queue | Villager (Male) |
| 6:09 | queue | Villager (Male) |
| 7:09 | queue | Villager (Male) |
| 7:39 | queue | Villager (Male) |
| 8:15 | queue | Villager (Male) |
| 8:21 | Build | Mill |
| 8:29 | Build | House |
| 8:31 | Build | House |
| 8:45 | queue | Villager (Male) |
| 8:59 | Research | Feudal Age |
| 9:05 | Build | Mining Camp |
| 9:42 | Build | Palisade Wall |
| 10:10 | Build | Barracks |
| 11:20 | Age | Feudal Age |
| 11:21 | queue | Villager (Male) |
| 11:29 | Build | Barracks |
| 11:32 | queue | Villager (Male) |
| 11:48 | Build | Mining Camp |
| 11:52 | Build | Palisade Wall |
| 12:00 | queue | Villager (Male) |
| 12:15 | Build | Archery Range |
| 12:25 | queue | Villager (Male) |
| 12:40 | Research | Double-Bit Axe |
| 12:49 | queue | Villager (Male) |
| 13:02 | queue | Archer |
| 13:02 | queue | Archer |
Build order — Bapm2003
46 actions detected in the replay
| 0:02 | queue | Villager (Male) |
| 0:02 | queue | Villager (Male) |
| 0:02 | queue | Villager (Male) |
| 0:03 | queue | Villager (Male) |
| 0:11 | Build | House |
| 0:12 | Build | House |
| 0:13 | Build | House |
| 1:44 | queue | Villager (Male) |
| 2:14 | Research | Loom |
| 2:23 | queue | Villager (Male) |
| 2:46 | queue | Villager (Male) |
| 3:07 | Build | Mill |
| 3:46 | queue | Villager (Male) |
| 3:47 | queue | Villager (Male) |
| 4:30 | queue | Villager (Male) |
| 5:03 | queue | Villager (Male) |
| 5:11 | Build | Lumber Camp |
| 5:28 | queue | Villager (Male) |
| 5:28 | queue | Villager (Male) |
| 5:52 | queue | Villager (Male) |
| 6:04 | queue | Villager (Male) |
| 6:26 | Build | House |
| 6:31 | Build | House |
| 7:34 | queue | Villager (Male) |
| 7:35 | queue | Villager (Male) |
| 7:42 | queue | Villager (Male) |
| 7:43 | queue | Villager (Male) |
| 9:18 | Research | Feudal Age |
| 9:25 | Build | Barracks |
| 9:35 | Build | Farm |
| 10:43 | Build | Palisade Wall |
| 11:02 | Build | Farm |
| 11:04 | Build | Farm |
| 11:05 | Build | Farm |
| 11:07 | Build | Farm |
| 11:08 | Build | Farm |
| 11:10 | Build | Farm |
| 11:28 | Age | Feudal Age |
| 11:29 | Research | Town Watch |
| 11:31 | Research | Double-Bit Axe |
| 11:48 | Research | Horse Collar |
| 11:48 | Research | Horse Collar |
| 12:06 | queue | Villager (Male) |
| 12:06 | queue | Villager (Male) |
| 12:08 | queue | Villager (Male) |
| 12:08 | queue | Villager (Male) |
Match timeline
| 4:47 | 49 Food · first_building Barracks |
| 5:10 | HardstyleHunter · resign |
| 7:30 | Funky_noob_ · first_building Barracks |
| 8:02 | Funky_noob_ · wall_segment Palisade Wall x6 |
| 8:47 | Funky_noob_ · age_up feudal |
| 9:25 | Bapm2003 · first_building Barracks |
| 9:26 | Funky_noob_ · wall_segment Palisade Wall x8 |
| 9:42 | 開機中 · wall_segment Palisade Wall x4 |
| 10:10 | 開機中 · first_building Barracks |
| 10:36 | 捣蛋猫爱导弹 · age_up feudal |
| 10:43 | Bapm2003 · wall_segment Palisade Wall x10 |
| 11:20 | 開機中 · age_up feudal |
| 11:28 | Bapm2003 · age_up feudal |
| 11:39 | tudouyayu · first_building Barracks |
| 11:52 | 開機中 · wall_segment Palisade Wall x1 |
| 12:08 | 剑客Never · age_up feudal |
| 12:15 | 開機中 · first_building Archery Range |
| 12:19 | 捣蛋猫爱导弹 · first_building Donjon |
| 12:29 | tudouyayu · age_up feudal |
| 12:51 | 剑客Never · wall_segment Palisade Wall x1 |
[ AI ANALYSIS · 1 CREDIT ]
What really happened in this match?
Wolo.gg analyzes every decision: build order, eco, micro, common mistakes by bracket. Personalized analysis on WhatsApp or Discord in 30 seconds.
Civ guide
Bengalis
Perfil
Jugador #24643790